 Dungeon Crawl Stone Soup version 0.25-a0-322-g3677130cb1 (webtiles) character file.

Game seed: 8653965351684687266, levelgen mode: deterministic

107 floatRand the Sneak (level 4, -2/36 HPs)
             Began as a Draconian Assassin on Dec 27, 2019.
             Slain by an orc
             ... wielding a +1 mace of holy wrath
              (4 damage)
             ... on level 3 of the Dungeon.
             The game lasted 00:01:57 (1335 turns).

floatRand the Sneak (Draconian Assassin)            Turns: 1335, Time: 00:01:57

Health: -2/36      AC:  6    Str: 13    XL:     4   Next: 57%
Magic:  4/4        EV: 13    Int: 12    God:
Gold:   47         SH:  0    Dex: 13    Spells: 3/3 levels left

rFire    . . .     SeeInvis .   a - +2 dagger
rCold    . . .     Gourm    .   (no shield)
rNeg     . . .     Faith    .   (armour unavailable)
rPois    .         Spirit   .   (helmet restricted)
rElec    .         Reflect  .   b - +0 cloak
rCorr    .         Harm     .   (no gloves)
MR       .....                  (no boots)
Stlth    +++.......             (no amulet)
HPRegen  0.12/turn              (no ring)
MPRegen  0.09/turn              (no ring)

@: flying
A: unfitting armour, cold-blooded, AC +5
a: no special abilities


You were on level 3 of the Dungeon.
You were hungry.

You visited 1 branch of the dungeon, and saw 3 of its levels.

You collected 47 gold pieces.

Inventory:

Hand Weapons
 a - a +2 dagger (weapon)
Missiles
 c - 8 poisoned darts (quivered)
 d - 2 curare-tipped darts
Armour
 b - a +0 cloak (worn)
Jewellery
 g - an uncursed ring of resist corrosion {unknown}
Scrolls
 i - a scroll of identify {unknown}
Comestibles
 f - 3 rations
 h - 4 chunks of flesh


   Skills:
 - Level 2.1 Fighting
 - Level 2.0 Short Blades
 - Level 1.7 Throwing
 + Level 2.9 Dodging
 + Level 4.8 Stealth


You had 3 spell levels left.
You didn't know any spells.
Your spell library was empty.

Dungeon Overview and Level Annotations

Branches:
Dungeon (3/15)

Altars:


Innate Abilities, Weirdness & Mutations

Your plain brown scales are hard. (AC +5)
You cannot fit into any form of body armour.
You are cold-blooded and may be slowed by cold attacks.


Message History

* * * LOW HITPOINT WARNING * * *
The orc hits you with a +0 flail.
* * * LOW HITPOINT WARNING * * *
You barely miss the crimson imp.
The crimson imp is heavily wounded.
The crimson imp misses you.
You hit the orc.
You kill the orc!
The crimson imp blinks!
You hit the orc but do no damage. The orc completely misses you.
You hit the orc.
You tail-slap the orc, but do no damage.
The orc is moderately wounded.
You barely miss the orc.
The orc is moderately wounded.
The orc hits you but does no damage.
You hit the orc.
The orc is severely wounded.
The orc hits you with a +1 mace of holy wrath.
You die...

#.# ##.o# #...
####o# ###5...#
##...##.#
#########..####.#
.......5..####..#
...........@oK.##
..........######
..........#
.....<....#
..s.......#
..........#
..........#
..........#


You could see a crimson imp, an orc and a kobold.

Vanquished Creatures
  A crimson imp (D:2)
  An adder (D:1)
  An ooze (D:1)
  A worm (D:2)
  A dart slug (D:1)
  3 leopard geckos
  An orc (D:3)
  5 bats
  3 giant cockroaches
  3 goblins (D:1)
  4 hobgoblins
  11 jackals (D:1)
  A ball python (D:1)
  3 frilled lizards (D:1)
  5 kobolds
  5 rats
49 creatures vanquished.

Notes
Turn   | Place    | Note
-------+----------+-------------------------------------------
     0 | D:1      | floatRand the Draconian Assassin began the quest for the
                  | Orb.
     0 | D:1      | Reached XP level 1. HP: 17/17 MP: 1/1
    32 | D:1      | Reached skill level 1 in Dodging
   210 | D:1      | Reached XP level 2. HP: 10/24 MP: 2/2
   455 | D:1      | Reached skill level 4 in Stealth
   677 | D:1      | Reached XP level 3. HP: 29/29 MP: 3/3
  1278 | D:2      | Reached XP level 4. HP: 14/36 MP: 4/4
  1289 | D:2      | You fall into a shaft and drop 1 floor!
  1329 | D:3      | HP: 1/36 [orc/+0 flail (2)]
  1335 | D:3      | Slain by an orc

Levels and vault maps discovered:
D:1:      lightli_arrival_farm, layout_basic
D:2:      layout_rooms, nicolae_overflow_crystal_walls, first_ration, uniq_robin
D:3:      minmay_evil_eye, layout_rooms, xom_teletrap_fun,
          hangedman_abyss_or_decor_lesser_grid, minmay_misc_feat_iff,
          roderic_st_hans_cross

Skill      XL: |  1  2 |
---------------+-------+-----
Dodging        | 1 2 |  2.9
Stealth        | 4 |  4.8
Fighting       | |  2.1
Short Blades   | |  2.0
Throwing       | |  1.7

Action                   |  1- 3 |  4- 6 || total
-------------------------+-------+-------++-------
Melee: Dagger            |   159 |    35 ||   194
       Tailslap          |    16 |     3 ||    19
  Use: Potion            |       |     1 ||     1
 Stab: Sleeping          |    13 |       ||    13
  Eat: Chunk             |     1 |       ||     1
Armor: Skin              |    64 |    17 ||    81
Dodge: Dodged            |   116 |    23 ||   139

Table legend:
 A = Non-vault XP
 B = Vault XP
 C = Vault XP percentage of total XP
 D = Non-vault monster count
 E = Vault monster count
 F = Vault count percentage of total count
                 A         B        C        D         E       F
            +---------+---------+-------+---------+---------+-------
      Total |     154 |       0 |   0.0 |      49 |       0 |   0.0
            +---------+---------+-------+---------+---------+-------
        D:1 |      80 |       0 |   0.0 |      37 |       0 |   0.0
        D:2 |      66 |       0 |   0.0 |       9 |       0 |   0.0
        D:3 |       8 |       0 |   0.0 |       3 |       0 |   0.0
            +---------+---------+-------+---------+---------+-------
